 Dungeon Crawl Stone Soup version 0.25.0-11-g1f837a76a1 (webtiles) character file.

Game seed: 613728122584438961

130 cantrip the Shooter (level 4, 0/37 HPs)
             Began as a Centaur Hunter on June 27, 2020.
             Was an Initiate of Okawaru.
             Slain by a hobgoblin
             ... wielding a +0 club
             ... led by Robin
              (2 damage)
             ... on level 3 of the Dungeon.
             The game lasted 00:07:32 (2265 turns).

cantrip the Shooter (Centaur Hunter)                Turns: 2265, Time: 00:07:33

Health: 0/37       AC:  4    Str: 15    XL:     4   Next: 89%
Magic:  4/4        EV:  9    Int: 10    God:    Okawaru [......]
Gold:   61         SH:  0    Dex: 10    Spells: 3/3 levels left

rFire    . . .     SeeInvis .   s - +1 hand axe (venom)
rCold    . . .     Gourm    .   (no shield)
rNeg     . . .     Faith    .   c - +0 leather armour
rPois    .         Spirit   .   (no helmet)
rElec    .         Reflect  .   (no cloak)
rCorr    .         Harm     .   (no gloves)
MR       .....                  (no barding)
Stlth    +.........             (no amulet)
HPRegen  0.12/turn              (no ring)
MPRegen  0.09/turn              (no ring)

@: very quick
A: large, hooves 3, deformed body, speed 2, tough skin 3
a: Renounce Religion


You were on level 3 of the Dungeon.
You worshipped Okawaru.
Okawaru was noncommittal.
You were not hungry.

You visited 1 branch of the dungeon, and saw 3 of its levels.

You collected 61 gold pieces.

Inventory:

Hand Weapons
 a - a +1 shortbow
 b - a +0 short sword
 m - a +0 rapier
 s - a +1 hand axe of venom (weapon)
Missiles
 d - 4 arrows
 t - 15 poisoned darts (quivered)
Armour
 c - a +0 leather armour (worn)
Scrolls
 h - 3 scrolls of remove curse
 j - 2 scrolls of noise
 k - 2 scrolls of identify
 q - a scroll of teleportation {unknown}
Potions
 e - a potion of stabbing {unknown}
 i - a potion of curing
 l - a potion of brilliance {unknown}
 n - a potion of mutation {unknown}
 o - a potion of degeneration {unknown}
 p - a potion of cancellation {unknown}
 r - 2 potions of heal wounds {unknown}
Comestibles
 f - 5 rations


   Skills:
 + Level 2.8 Fighting
 + Level 1.6 Short Blades
 + Level 6.8 Bows
 + Level 0.7 Armour
 + Level 1.6 Dodging
 + Level 0.5 Stealth


You had 3 spell levels left.
You didn't know any spells.
Your spell library was empty.

Dungeon Overview and Level Annotations

Branches:
Dungeon (3/15)

Altars:
Okawaru
Yredelemnul

Annotations:
D:3 Robin


Innate Abilities, Weirdness & Mutations

You have hooves in place of feet.
Armour fits poorly on your strangely shaped body.
You cover ground very quickly.
You have extremely tough skin. (AC +3)


Message History

You see here a stone.
You hit the goblin.
The goblin is heavily wounded.
The goblin hits you with a cursed -1 club.
* * * LOW HITPOINT WARNING * * *
As you read the scroll labeled TOVVEZUMAN, it crumbles to dust.
You feel blessed for a moment.
It was a scroll of remove curse.
The goblin barely misses you. The goblin hits you but does no damage.
The hobgoblin hits you with a +0 club.
* * * LOW HITPOINT WARNING * * *
Robin roars a battlecry!
The goblins go into a battle-frenzy!
A goblin comes into view. It is wielding a +0 dagger.
The goblin shouts!
As you read the scroll labeled MAIWY OSSIY, it crumbles to dust.
It is a scroll of identify.
j - 2 scrolls of noise The hobgoblin closely misses you.
The goblin barely misses you. The goblin hits you but does no damage.
The hobgoblin hits you with a +0 club.
You die...

.< #.......# #.
#..รท..## #.# ###.....
#.##..#############.##..
#.....))...<.(._........
#.####)############.##..
# #..# #.......##.. #.
##g# #...........
..##.#####@##
#.......####
#.......gggg# ....##..#
# .........g(.#
.##.....#
..........g.###.####...#
................# ##..#
............#...# #..#
................# #...
.......g........# #.>.
...g.......###....#


You could see Robin, 4 hobgoblins and 3 goblins.

Vanquished Creatures
  A bullfrog skeleton (D:2)
  2 adders (D:3)
  2 oozes
  A worm (D:2)
  3 dart slugs
  2 leopard geckos
  8 goblins
  6 hobgoblins
  4 jackals (D:1)
  A quokka (D:2)
  12 bats
  4 frilled lizards
  13 kobolds
  7 rats
66 creatures vanquished.

Notes
Turn   | Place    | Note
-------+----------+-------------------------------------------
     0 | D:1      | cantrip the Centaur Hunter began the quest for the Orb.
     0 | D:1      | Reached XP level 1. HP: 17/17 MP: 1/1
   165 | D:1      | Reached XP level 2. HP: 21/24 MP: 2/2
   171 | D:1      | Reached skill level 6 in Bows
   463 | D:1      | Reached XP level 3. HP: 29/29 MP: 3/3
  1344 | D:2      | Reached XP level 4. HP: 29/37 MP: 4/4
  1494 | D:2      | Found a basalt altar of Yredelemnul.
  1934 | D:3      | Reached skill level 1 in Short Blades
  1964 | D:3      | Found an iron altar of Okawaru.
  1993 | D:3      | Became a worshipper of Warmaster Okawaru
  2260 | D:3      | Identified the +1 helmet of Uzuek {rCorr}
  2260 | D:3      | Noticed Robin
  2265 | D:3      | Slain by a hobgoblin

Illustrated notes

Levels and vault maps discovered:
D:1:      minmay_arrival_stone_box, layout_loops_ring, minmay_misc_feat_chi
D:2:      layout_loops_cross, yredelemnul_altar_generic
D:3:      layout_rooms, overflow_temple_1_default, lemuel_round_altar,
          xom_redecorated, ashenzari_conservatory_becter, uniq_robin

Skill      XL: |  1  2  3  4 |
---------------+-------------+-----
Bows           | 6 |  6.8
Short Blades   | 1 |  1.6
Fighting       | |  2.8
Armour         | |  0.7
Dodging        | |  1.6
Stealth        | |  0.5

Action                   |  1- 3 |  4- 6 || total
-------------------------+-------+-------++-------
Melee: Rapier            |    47 |    30 ||    77
       Kick              |    10 |     8 ||    18
       Shortbow          |     9 |       ||     9
       Hand axe          |       |    13 ||    13
 Fire: Shortbow          |    82 |       ||    82
  Use: Scroll            |       |     2 ||     2
       Potion            |       |     1 ||     1
  Eat: Chunk             |     1 |     2 ||     3
Armor: Leather armour    |    47 |    18 ||    65
Dodge: Dodged            |    51 |    24 ||    75
